 Dungeon Crawl Stone Soup version 0.29.1-15-g9cfb28693d (webtiles) character file.

Game seed: 8377132962381297579

623 cdecastro the Grappler (level 7, -5/66 HPs)
             Began as a Troll Fighter on Mar 25, 2023.
             Was an Initiate of Okawaru.
             Slain by Pikel
             ... wielding a +1 whip of freezing
              (9 damage)
             ... in the Ecumenical Temple.
             The game lasted 00:05:23 (3280 turns).

cdecastro the Grappler (Troll Fighter)              Turns: 3280, Time: 00:05:25

Health: -5/66      AC:  5    Str: 36    XL:     7   Next: 22%
Magic:  6/6        EV: 10    Int:  4    God:    Okawaru [......]
Gold:   265        SH:  0    Dex:  9    Spells: 6/6 levels left

rFire   . . .      SeeInvis .     - Unarmed
rCold   . . .      Faith    .   (no shield)
rNeg    . . .      Spirit   .   a - +0 robe
rPois   +          Reflect  .   (helmet restricted)
rElec   .          Harm     .   t - +0 cloak
rCorr   +          Rampage  .   (gloves unavailable)
Will    .....                   (boots unavailable)
Stlth   +.........              y - amulet of the acrobat
HPRegen 1.01/turn               A - ring "Jasmacec" {Wiz rPois rCorr Str+5 Dex-2 Slay+3}
MPRegen 0.10/turn               h - +6 ring of strength

@: no status effects
A: large, unfitting armour, claws 3, regeneration 1, shaggy fur 1, tough skin 1
a: Renounce Religion


You were in the Ecumenical Temple.
You worshipped Okawaru.
Okawaru was noncommittal.
You visited 2 branches of the dungeon, and saw 6 of its levels.

You collected 265 gold pieces.

Inventory:

Hand Weapons
 l - a +0 longbow
Armour
 a - a +0 robe (worn)
 b - a +0 kite shield
 t - a +0 cloak (worn)
Magical Staves
 r - a staff of poison
Jewellery
 g - a ring of magical power
 h - a +6 ring of strength (right claw)
 y - an amulet of the acrobat (around neck)
 z - a ring of flight
 A - the ring "Jasmacec" (left claw) {Wiz rPois rCorr Str+5 Dex-2 Slay+3}
   (You found it on level 4 of the Dungeon)

   [ring of wizardry]

   It improves your spell success rate.
   Str:       It affects your strength (+5).
   Dex:       It affects your dexterity (-2).
   Slay:      It affects your accuracy & damage with ranged weapons and melee
   (+3).
   rPois:     It protects you from poison.
   rCorr:     It protects you from acid and corrosion.
Wands
 B - a wand of polymorph (11)
Scrolls
 e - a scroll of enchant weapon {unknown}
 f - 5 scrolls of identify {unknown}
 k - a scroll of blinking {unknown}
 m - 2 scrolls of noise {unknown}
 o - 2 scrolls of brand weapon {unknown}
 p - 4 scrolls of torment {unknown}
 u - 2 scrolls of fear {unknown}
 w - 2 scrolls of poison {unknown}
 C - a scroll of acquirement {unknown}
 D - a scroll of enchant armour {unknown}
Potions
 c - 2 potions of might
 d - 2 potions of lignification {unknown}
 i - a potion of flight {unknown}
 j - a potion of berserk rage {unknown}
 n - a potion of brilliance {unknown}
 q - 2 potions of heal wounds {unknown}
 s - 2 potions of curing {unknown}
 v - a potion of haste {unknown}
 x - a potion of degeneration {unknown}


   Skills:
 - Level 2.4 Fighting
 - Level 2.4 Dodging
 - Level 2.6 Shields
 + Level 8.1 Unarmed Combat


You had 6 spell levels left.
You didn't know any spells.
Your spell library contained the following spells:

 Spells                   Type           Power      Damage    Failure   Level
 Beastly Appendage        Tmut           0%         N/A       22%         1
 Wereblood                Tmut           0%         N/A       32%         2
 Ozocubu's Armour         Ice            0%         N/A       52%         3
 Spider Form              Tmut/Pois      0%         N/A       52%         3
 Ozocubu's Refrigeration  Ice            0%         4d7       100%        7


Dungeon Overview and Level Annotations

Branches:
Dungeon (5/15)             Temple (1/1) D:5

Altars:
Ashenzari
Cheibriados
Elyvilon
Gozag
Hepliaklqana
Makhleb
Nemelex Xobeh
Okawaru
Qazlal
Ru
Sif Muna
Uskayaw
Vehumet
Wu Jian
Xom
Yredelemnul
Zin

Shops:
D:3 (

Annotations:
Temple Pikel


Innate Abilities, Weirdness & Mutations

You are too large for most types of armour.
You have claws for hands.
Your natural rate of healing is unusually fast.
You are covered in fur. (AC +1)
You have tough skin. (AC +1)


Message History

You barely miss Pikel. The gnoll misses you.
Pikel hits you with a +1 whip of freezing!
* * * LOW HITPOINT WARNING * * *
Pikel freezes you.
* * * LOW HITPOINT WARNING * * *
Unknown command.
You scratch Pikel but do no damage. The gnoll barely misses you.
Pikel hits you with a +1 whip of freezing.
* * * LOW HITPOINT WARNING * * *
Pikel freezes you.
* * * LOW HITPOINT WARNING * * *
Unknown command.
You claw Pikel!
Pikel is lightly wounded.
The gnoll closely misses you.
Unknown command.
Press: ? - help, v - describe, . - travel, g - get item
Here: Pikel, wielding a +1 whip of freezing and wearing a +0 robe of resistance (lightly wounded)
Items here: a +0 spear; a gnoll corpse.
The floor, spattered with blood.
Unknown command.
Unknown command.
Unknown command.
You barely miss Pikel.
Pikel is lightly wounded.
Pikel hits you with a +1 whip of freezing.
* * * LOW HITPOINT WARNING * * *
Pikel freezes you.
* * * LOW HITPOINT WARNING * * *
The gnoll hits you with a +0 whip!
* * * LOW HITPOINT WARNING * * *
You claw Pikel!
Pikel is heavily wounded.
Pikel completely misses you. The gnoll hits you with a +0 whip.
* * * LOW HITPOINT WARNING * * *
Unknown command.
You barely miss Pikel.
Pikel is heavily wounded.
Pikel hits you with a +1 whip of freezing!
You die...

..~♣♣.....~..♣♣♣.._..~≈≈♣♣
..♣...._.~~~~...♣...~≈~♣♣
♣♣§......~~~~._...~~~♣♣♣
~.._...~...~......♣♣♣♣
§......♣♣.....~....♣
..♣......♣.♣...♣♣..♣♣
......♣..♣....§...~≈♣♣
._.......♣♣~~.~K..≈~≈♣♣
.....♣♣.......~.@g.≈§≈♣♣
....♣♣.........~[..~≈≈≈♣♣♣
......~~......~~~...~≈≈≈≈♣
...._..~~~...~~~~~~~~~≈≈≈♣
.♣♣~....♣♣...~§~~~~~.≈≈≈≈♣
~.♣.....♣♣~...~..~~.~≈≈≈≈♣
.♣♣.§..........♣......≈≈♣♣
......._...~....§.._~.♣♣♣
._.............~.~...~♣♣♣


You could see Pikel and a gnoll.

Vanquished Creatures
  2 black bears
  A scorpion (D:5)
  2 hounds (D:4)
  A gnoll bouda (Temple)
  3 iguanas
  An orc wizard (D:5)
  A mummy (D:3)
  10 gnolls
  2 adders
  An ufetubus (D:5)
  A worm (D:2)
  4 orcs
  4 ball pythons
  4 endoplasms
  2 giant cockroaches
  5 goblins
  8 hobgoblins
  3 quokkas
  9 bats
  2 frilled lizards
  2 kobolds
  4 rats
72 creatures vanquished.

Notes
Turn   | Place    | Note
-------+----------+-------------------------------------------
     0 | D:1      | cdecastro the Troll Fighter began the quest for the Orb.
     0 | D:1      | Reached XP level 1. HP: 22/22 MP: 0/0
   146 | D:1      | Reached XP level 2. HP: 29/29 MP: 1/1
   509 | D:1      | Reached skill level 3 in Unarmed Combat
   875 | D:2      | Found a faded altar of an unknown god.
  1068 | D:2      | Reached XP level 3. HP: 21/36 MP: 2/2
  1106 | D:2      | Found a basalt altar of Yredelemnul.
  1312 | D:3      | Reached skill level 4 in Unarmed Combat
  1348 | D:3      | Reached XP level 4. HP: 44/44 MP: 3/3
  1503 | D:3      | Found an opulent altar of Gozag.
  1588 | D:3      | Found Ysismeer's Weapon Boutique.
  1608 | D:3      | Found a radiant altar of Vehumet.
  1667 | D:3      | Reached skill level 5 in Unarmed Combat
  1750 | D:3      | Found a snail-covered altar of Cheibriados.
  1923 | D:4      | Reached XP level 5. HP: 50/50 MP: 4/4
  2060 | D:4      | Identified the ring "Jasmacec" {Wiz rPois rCorr Str+5 Dex-2
                  | Slay+3}
  2358 | D:4      | Reached skill level 6 in Unarmed Combat
  2436 | D:4      | Noticed a black bear
  2442 | D:4      | Killed a black bear
  2443 | D:4      | Reached XP level 6. HP: 59/59 MP: 5/5
  2524 | D:5      | Entered Level 5 of the Dungeon
  2633 | D:5      | Found a staircase to the Ecumenical Temple.
  2660 | D:5      | Reached skill level 7 in Unarmed Combat
  2964 | Temple   | Entered the Ecumenical Temple
  3160 | Temple   | Became a worshipper of Warmaster Okawaru
  3199 | D:5      | Noticed Pikel
  3231 | Temple   | Reached skill level 8 in Unarmed Combat
  3231 | Temple   | Reached XP level 7. HP: 35/66 MP: 6/6
  3279 | Temple   | HP: 3/66 [gnoll/+0 whip[a gnoll bouda] (2)]
  3280 | Temple   | Slain by Pikel

Illustrated notes

Levels and vault maps discovered:
D:1:      psy_arrival_spokes, layout_basic, serial_bayou, serial_bayou_lagoon_a,
          serial_bayou_pond_e, serial_bayou_pond_e, serial_bayou_shore_b
D:2:      layout_rooms, ebering_ecumenical_altar_rust, basic_altar, minivault_23
D:3:      layout_rooms, slow_altar_2, general_overflow_altar,
          nicolae_gozag_cash_rules_everything_around_me, serial_shops,
          nicolae_diamond_shop, minmay_circle_x
D:4:      layout_loops_cross, eino_curves_04, grunt_decor_resistance
D:5:      layout_layer_cave, nicolae_dithmenos_through_a_glass_darkly,
          minmay_temple_entry_stoned_glass, serial_shops, shop, uniq_pikel
Temple:   nicolae_temple_bog_church

Skill      XL: |  1  2  3  4  5  6 |
---------------+-------------------+-----
Unarmed Combat | 3 4 5 6 8 |  8.1
Fighting       | |  2.4
Dodging        | |  2.4
Shields        | |  2.6

Action                   |  1- 3 |  4- 6 |  7- 9 || total
-------------------------+-------+-------+-------++-------
Melee: Unarmed           |    67 |   109 |    10 ||   186
       Punch             |     1 |     3 |       ||     4
Armor: Robe              |    21 |    40 |       ||    61
Dodge: Dodged            |    46 |    61 |     7 ||   114
Block: Kite shield       |     1 |       |       ||     1
